 Dungeon Crawl Stone Soup version 0.32-a0-868-g153ae1a8d6 (webtiles) character file.

Game seed: 11558694154089971134

649 epen the Slasher (level 7, -1/60 HPs)
             Began as a Gnoll Chaos Knight on Mar 28, 2024.
             Was a Plaything of Xom.
             Slain by Eustachio
             ... wielding a +3 falchion of electrocution
              (6 damage)
             ... on level 4 of the Dungeon.
             The game lasted 00:08:52 (3559 turns).

epen the Slasher (Gnoll Chaos Knight)               Turns: 3559, Time: 00:08:53

Health: -1/60      AC:  6    Str:  9 (12) XL:     7   Next: 53%
Magic:  11/11      EV: 16    Int: 10 (11) God:    Xom [.*....]
Gold:   178        SH:  0    Dex:  9 (13) Spells: 11/11 levels left

rFire   . . .        i - +1 dagger (vamp)
rCold   . . .        (no shield)
rNeg    . . .        b - +2 leather armour
rPois   .            j - +0 helmet
rElec   .            (no cloak)
rCorr   .            (no gloves)
SInv    .            (no boots)
Will    +....        (no amulet)
Stlth   ++           h - +5 ring of evasion
HPRegen 0.30/turn    (no ring)
MPRegen 0.12/turn

%: no passive effects
@: brilliant, studying Alchemy
A: fangs 1, strong nose, distributed training, strong-willed 1, MP-powered wands
a: Renounce Religion


You were on level 4 of the Dungeon.
You worshipped Xom.
You were a plaything of Xom.
You visited 1 branch of the dungeon, and saw 4 of its levels.

You collected 178 gold pieces.

Inventory:

Hand Weapons
 a - a +0 falchion of chaos
 i - a +1 vampiric dagger (weapon)
Missiles
 k - a throwing net (quivered)
Armour
 b - a +2 leather armour (worn)
 j - a +0 helmet (worn)
 o - a +0 buckler
Jewellery
 h - a +5 ring of evasion (left hand)
 q - a +5 ring of evasion
Scrolls
 c - a scroll of butterflies
 f - 4 scrolls of enchant weapon
 s - a scroll of noise
 t - a scroll of poison
Potions
 g - 4 potions of mutation


   Skills:
 + Level 7.1 Fighting
 + Level 2.6 Short Blades
 + Level 7.1 Long Blades
 + Level 2.6 Axes
 + Level 2.6 Maces & Flails
 + Level 2.6 Polearms
 + Level 2.6 Staves
 + Level 2.6 Ranged Weapons
 + Level 2.6 Throwing
 + Level 5.3 Armour
 + Level 3.7 Dodging
 + Level 2.6 Stealth
 + Level 2.6 Shields
 + Level 2.6 Unarmed Combat
 + Level 2.6 Spellcasting
 + Level 2.1 Conjurations
 + Level 2.1 Hexes
 + Level 2.1 Summonings
 + Level 2.1 Necromancy
 + Level 2.1 Translocations
 + Level 2.1 Fire Magic
 + Level 2.1 Ice Magic
 + Level 2.1 Air Magic
 + Level 2.1 Earth Magic
 + Level 2.9 Alchemy
 + Level 3.0 Invocations
 + Level 2.6 Evocations
 + Level 2.4 Shapeshifting


You had 11 spell levels left.
You didn't know any spells.
Your spell library contained the following spells:

 Spells                   Type           Power      Damage    Failure   Level
 Volatile Blastmotes      Fire/Tloc      16%        2d11      43%         3
 Fulminant Prism          Conj/Alch      4%         3d5       80%         4
 Iskenderun's Mystic Bla Conj/Tloc 8%             2d4        (+2d1     83%         4


Dungeon Overview and Level Annotations

Branches:
Dungeon (4/15)
 Temple: D:4-7

Altars:
Ashenzari
Uskayaw
Wu Jian

Annotations:
D:4 Duvessa, Edmund, Eustachio


Innate Abilities, Weirdness & Mutations

You have very sharp teeth.
Your uncanny sense of smell can sniff out nearby items.
Your experience applies equally to all skills.
You are strong-willed. (Will+)
You expend magic power (3 MP) to strengthen your wands.


Message History

The quokka completely misses you.
The quasit bites you but does no damage.
The quasit completely misses you.
The quasit claws you but does no damage.
You hear some strange, mumbled words.
The quokka barely misses you.
You barely miss the quasit. Your bite misses the quasit.
The quasit is lightly wounded.
The quasit disappears in a puff of smoke!
The quokka completely misses you.
You miss something. The quokka barely misses you.
You barely miss something. Something hits you. The quokka closely misses you.
You barely miss something. Something hits you. The quokka closely misses you.
You miss something. Something hits you.
You are electrocuted!
* * * LOW HITPOINT WARNING * * *
The quokka closely misses you.
You hit something.
You feel better.
Your bite misses something. The quokka barely misses you.
Something hits you but does no damage.
You closely miss something. The quokka completely misses you.
Something hits you.
* * * LOW HITPOINT WARNING * * *
You feel clever all of a sudden. The quokka misses you. Something hits you.
* * * LOW HITPOINT WARNING * * *
The crimson imp blinks!
You miss something.
Reactivating autopickup.
Eustachio appears from thin air!
The quokka bites you but does no damage.
Eustachio asks, "How can you live without manners, virtues and honour?"
Eustachio completely misses you.
You miss Eustachio.
Eustachio is heavily wounded.
The quokka barely misses you.
The air fills with toxic fumes!
As you read the scroll of poison, it crumbles to dust.
Eustachio hits you with a +3 falchion of electrocution.
You die...
Eustachio twirls his moustache.
Xom snickers!

## . ∆ .# .
########## .#
#........# .#
#.######.# .#
#.# #.# .# #.#
#§#####5####§#
#.#
#§§§r@@r§§§§§#
#.#
#######§######
#.# ∆.# #.# ##
#.# #.# ∆ #.#
#)# #.#


You could see Eustachio, an iron imp (summoned), a river rat (summoned) and a
quokka (summoned).

Vanquished Creatures
  An orange demon (D:4)
  A scorpion (D:4)
  Dowan (D:4)
  A bombardier beetle (D:3)
  An orc priest (D:4)
  2 orc wizards (D:3)
  Robin (D:2)
  4 adders
  A dart slug (D:3)
  A ribbon worm (D:3)
  4 orcs (D:3)
  6 bats
  8 endoplasms
  2 giant cockroaches
  13 goblins
  4 hobgoblins
  3 kobolds
  A quokka (D:3)
  5 ball pythons
  3 frilled lizards
  3 rats
66 creatures vanquished.

Vanquished Creatures (others)
  An orc wizard (D:3)
  An orc (D:3)
2 creatures vanquished.

Grand Total: 68 creatures vanquished

Notes
Turn   | Place    | Note
-------+----------+-------------------------------------------
     0 | D:1      | epen the Gnoll Chaos Knight began the quest for the Orb.
     0 | D:1      | Reached XP level 1. HP: 23/23 MP: 1/1
   160 | D:1      | Reached XP level 2. HP: 29/29 MP: 2/2
   576 | D:1      | XOM: smoke on damage
   609 | D:1      | XOM: silly message
   878 | D:2      | Found a hide-covered altar of Uskayaw.
   915 | D:2      | Reached XP level 3. HP: 29/35 MP: 2/4
   969 | D:2      | Found a faded altar of an unknown god.
   979 | D:2      | Reached skill level 1 in Invocations
  1029 | D:2      | Noticed Robin
  1040 | D:2      | Reached skill level 1 in Short Blades
  1040 | D:2      | Reached skill level 1 in Axes
  1040 | D:2      | Reached skill level 1 in Maces & Flails
  1040 | D:2      | Reached skill level 1 in Polearms
  1040 | D:2      | Reached skill level 1 in Staves
  1040 | D:2      | Reached skill level 1 in Ranged Weapons
  1040 | D:2      | Reached skill level 1 in Throwing
  1040 | D:2      | Reached skill level 1 in Stealth
  1040 | D:2      | Reached skill level 1 in Shields
  1040 | D:2      | Reached skill level 1 in Unarmed Combat
  1040 | D:2      | Reached skill level 1 in Spellcasting
  1040 | D:2      | Reached skill level 1 in Evocations
  1050 | D:2      | XOM: silly message
  1065 | D:2      | HP: 1/35 [goblin/+0 dagger[Robin] (5)]
  1066 | D:2      | Gained mutation: You expend magic power (3 MP) to
                  | strengthen your wands. [potion of mutation]
  1066 | D:2      | XOM: noise
  1201 | D:1      | Reached skill level 1 in Shapeshifting
  1201 | D:1      | Reached XP level 4. HP: 41/41 MP: 5/5
  1224 | D:2      | XOM: silly message
  1225 | D:2      | Killed Robin
  1479 | D:2      | XOM: divination: magic mapping
  1749 | D:3      | Reached skill level 1 in Conjurations
  1749 | D:3      | Reached skill level 1 in Hexes
  1749 | D:3      | Reached skill level 1 in Summonings
  1749 | D:3      | Reached skill level 1 in Necromancy
  1749 | D:3      | Reached skill level 1 in Translocations
  1749 | D:3      | Reached skill level 1 in Fire Magic
  1749 | D:3      | Reached skill level 1 in Ice Magic
  1749 | D:3      | Reached skill level 1 in Air Magic
  1749 | D:3      | Reached skill level 1 in Earth Magic
  1749 | D:3      | Reached skill level 1 in Alchemy
  1802 | D:3      | XOM: silly message
  1868 | D:3      | XOM: confuse monster(s)
  1876 | D:3      | Reached XP level 5. HP: 47/47 MP: 5/7
  2000 | D:3      | Identified a scroll of acquirement
  2000 | D:3      | Acquired a manual of Alchemy
  2123 | D:3      | XOM: give mutation
  2123 | D:3      | Gained mutation: You are strong-willed. (Will+) [Xom's
                  | grace]
  2210 | D:3      | XOM: divine lightning
  2347 | D:3      | XOM: fog
  2403 | D:3      | Found an ornate altar of the Wu Jian Council.
  2842 | D:4      | Noticed Edmund
  2849 | D:4      | XOM: potion effect (haste)
  2855 | D:4      | HP: 2/47 [orc priest/divine providence (14)]
  2858 | D:4      | Reached XP level 6. HP: 27/53 MP: 8/8
  2858 | D:4      | XOM: cast spell 'Leda's Liquefaction'
  2865 | D:4      | XOM: silly message
  2866 | D:4      | XOM: potion effect (heal wounds)
  2870 | D:4      | XOM: silly message
  2880 | D:4      | XOM: divination: magic mapping
  2886 | D:4      | Reached skill level 5 in Armour
  3105 | D:4      | Found a broken altar of Ashenzari.
  3125 | D:4      | Noticed Dowan
  3126 | D:4      | Noticed Duvessa
  3134 | D:4      | XOM: swap monsters
  3136 | D:4      | XOM: potion effect (berserk rage)
  3142 | D:4      | Killed Dowan
  3193 | D:4      | Noticed Grinder
  3211 | D:4      | Paralysed by Grinder for 5 turns
  3214 | D:4      | XOM: cast spell 'Animate Armour'
  3228 | D:4      | Grinder changed into Grinder the orange demon
  3228 | D:4      | Noticed Grinder
  3228 | D:4      | XOM: polymorph Grinder -> Grinder the orange demon
  3237 | D:4      | Killed Grinder the orange demon
  3238 | D:4      | Reached XP level 7. HP: 17/60 MP: 9/11
  3267 | D:4      | XOM: summons 4 hostile demons
  3460 | D:4      | Noticed Eustachio
  3465 | D:4      | XOM: enchant monster (bad)
  3508 | D:4      | XOM: enchant monster (bad)
  3516 | D:4      | XOM: butterfly on damage
  3546 | D:4      | XOM: silly message
  3559 | D:4      | Slain by Eustachio

Illustrated notes

Levels and vault maps discovered:
D:1:      psy_arrival_fountain, layout_loops_ring
D:2:      layout_basic, basic_altar, ebering_ecumenical_altar_petrified,
          nicolae_kite_square_tiling_tiny, uniq_robin
D:3:      layout_loops_ring, nzn_wu_jian_council_hall, grunt_decor_one_mirror,
          dk_noncrumbling_3
D:4:      layout_basic, gammafunk_temple_overflow_statue,
          mainiacjoe_overflow_24_doors, cheibrodos_ashenzari_chains,
          minmay_temple_entry_large_hall, serial_shops, shop, uniq_eustachio,
          uniq_pikel, uniq_grinder, uniq_duvessa, uniq_edmund

Skill      XL: |  1  2  3  4  5  6 |
---------------+-------------------+-----
Invocations    | 1 2 3 |  3.0
Short Blades   | 1 2 |  2.6
Axes           | 1 2 |  2.6
Maces & Flails | 1 2 |  2.6
Polearms       | 1 2 |  2.6
Staves         | 1 2 |  2.6
Ranged Weapons | 1 2 |  2.6
Throwing       | 1 2 |  2.6
Stealth        | 1 2 |  2.6
Shields        | 1 2 |  2.6
Unarmed Combat | 1 2 |  2.6
Spellcasting   | 1 2 |  2.6
Evocations     | 1 2 |  2.6
Shapeshifting  | 1 2 |  2.4
Conjurations   | 1 2 |  2.1
Hexes          | 1 2 |  2.1
Summonings     | 1 2 |  2.1
Necromancy     | 1 2 |  2.1
Translocations | 1 2 |  2.1
Fire Magic     | 1 2 |  2.1
Ice Magic      | 1 2 |  2.1
Air Magic      | 1 2 |  2.1
Earth Magic    | 1 2 |  2.1
Alchemy        | 1 2 |  2.9
Dodging        | 3 |  3.7
Armour         | 5 |  5.3
Fighting       | 7 |  7.1
Long Blades    | 7 |  7.1

Action                     |  1- 3 |  4- 6 |  7- 9 || total
---------------------------+-------+-------+-------++-------
  Melee: Falchion          |    38 |       |       ||    38
         Bite              |     8 |    24 |     7 ||    39
         Dagger            |    87 |   182 |    96 ||   365
  Throw: Throwing net      |       |     2 |       ||     2
    Use: Potion            |     3 |     2 |     4 ||     9
         Scroll            |       |     9 |     2 ||    11
   Stab: Sleeping          |     1 |     1 |       ||     2
 Armour: Leather armour    |    87 |    55 |    67 ||   209
  Dodge: Dodged            |   137 |    86 |   161 ||   384

Table legend: (Time is in decaauts)
 A = Elapsed time spent in this place.
 B = Non-inter-level travel time spent in this place.
 C = Inter-level travel time spent in this place.
 D = Time resting spent in this place.
 E = Time spent auto-exploring this place.
 F = Levels seen in this place.
 G = Mean time per level.
                   A        B        C        D        E       F      G
               +--------+--------+--------+--------+--------+-----+--------+
         Total |   3525 |   3362 |    163 |    547 |   2104 |   4 |  881.2 |
       Dungeon |   3525 |   3362 |    163 |    547 |   2104 |   4 |  881.2 |
               +--------+--------+--------+--------+--------+-----+--------+

Top non-repeatable levels by time:
     D:3: 1496 daAuts
     D:1: 882 daAuts
     D:2: 838 daAuts
     D:4: 307 daAuts
